 Dungeon Crawl Stone Soup version 0.26-a0-854-gdc81c2f471 (webtiles) character file.

Game seed: 890759165851788749

37 Descartes the Sneak (level 3, -1/16 HPs)
             Began as a Vine Stalker Enchanter on Nov 23, 2020.
             Was an Initiate of Gozag.
             Slain by an adder (2 damage)
             ... on level 2 of the Dungeon.
             The game lasted 00:02:11 (1615 turns).

Descartes the Sneak (Vine Stalker Enchanter)        Turns: 1615, Time: 00:02:12

Health: -1/16      AC:  3    Str: 11    XL:     3   Next: 41%
Magic:  0/8        EV: 12    Int: 15    God:    Gozag
Gold:   33         SH:  0    Dex: 20    Spells: 6/7 levels left

rFire    . . .     SeeInvis .   a - +1 dagger
rCold    + . .     Faith    .   (no shield)
rNeg     . . .     Spirit   +   m - +0 leather armour
rPois    .         Reflect  .   (no helmet)
rElec    .         Harm     .   (no cloak)
rCorr    .         Rampage  .   (no gloves)
MR       .....                  (no boots)
Stlth    +++.......             (no amulet)
HPRegen  0.05/turn              h - ring of protection from cold
MPRegen  0.11/turn              l - +6 ring of dexterity

@: lethally poisoned (-1 -> -13), gold aura
A: fangs 2, magic shield, antimagic bite, no potion heal 3, rot immunity
a: Potion Petition, Call Merchant, Bribe Branch, Renounce Religion


You were on level 2 of the Dungeon.
You worshipped Gozag.
Gozag was noncommittal.
You visited 1 branch of the dungeon, and saw 2 of its levels.

You collected 43 gold pieces.
You paid 10 gold pieces to Gozag.

Inventory:

Hand Weapons
 a - a +1 dagger (weapon)
Missiles
 c - 8 curare-tipped darts (quivered)
 d - 2 javelins
 k - 7 boomerangs
Armour
 b - a +0 robe
 m - a +0 leather armour (worn)
Jewellery
 h - a ring of protection from cold (left hand)
 l - a +6 ring of dexterity (right hand)
Scrolls
 e - a scroll of random uselessness {unknown}
 f - a scroll of teleportation {unknown}
 i - a scroll of amnesia {unknown}
 j - 2 scrolls of enchant weapon {unknown}
 n - 4 scrolls of identify {unknown}
 p - 2 scrolls of remove curse {unknown}
Potions
 g - 2 potions of degeneration {unknown}
 o - a potion of heal wounds {unknown}


   Skills:
 + Level 1.5 Short Blades
 - Level 1.5 Dodging
 + Level 4.2 Stealth
 + Level 2.7 Spellcasting
 + Level 3.3 Hexes


You had 6 spell levels left.
You knew the following spells:

 Your Spells              Type           Power        Failure   Level
a - Corona                Hex            ##.....      7%          1

Your spell library contained the following spells:

 Spells                   Type           Power        Failure   Level
 Ensorcelled Hibernation  Hex/Ice        #.....       21%         2
 Confusing Touch          Hex            ##......     21%         3
 Tukima's Dance           Hex            ##......     21%         3
 Dazzling Flash           Conj/Hex       #.....       38%         3


Dungeon Overview and Level Annotations

Branches:
Dungeon (2/15)

Altars:
Fedhas
Gozag
Qazlal
Uskayaw
Vehumet
Xom
The Shining One


Innate Abilities, Weirdness & Mutations

You have extremely sharp teeth.
When hurt, damage is shared between your health and your magic reserves.
Your bite disrupts and absorbs the magic of your enemies.
Potions cannot restore your health.
You are immune to rotting.


Message History

Casting: Corona (safe; 7% risk of failure)
Confirm with . or Enter, or press ? or * to list all spells.
You don't know that spell.
You hit the adder. Your bite misses the adder.
The adder is moderately wounded.
You feel sick. The adder bites you.
* * * LOW HITPOINT WARNING * * *
You are more poisoned.
The adder poisons you!
You closely miss the adder. Your bite misses the adder.
The adder is moderately wounded.
* * * LOW HITPOINT WARNING * * *
You feel sick. The adder bites you.
* * * LOW HITPOINT WARNING * * *
You hit the adder.
The adder is severely wounded.
* * * LOW HITPOINT WARNING * * *
You feel sick. The adder bites you.
You die...
Your body crumbles into a pile of gold.

#####+#### ###.........
#.+.........
#.#.........
###.#.........
###########.#.#.........
..............+.$.......
.....#........#.@$......
.....+........'..S......
..<..#........#.........
.....#........##........
.....######'####..#..##.
.....# #.# <#.#..# $
##.### #.# .#....# ..#
####'#####⌠#### ###
#.....##≈#§§###


You could see an adder.

Vanquished Creatures
  An ooze (D:1)
  A dart slug (D:1)
  3 giant cockroaches (D:1)
  4 goblins (D:1)
  4 hobgoblins
  4 jackals (D:1)
  2 kobolds
  5 bats
  A frilled lizard (D:2)
  2 rats
27 creatures vanquished.

Notes
Turn   | Place    | Note
-------+----------+-------------------------------------------
     0 | D:1      | Descartes the Vine Stalker Enchanter began the quest for
                  | the Orb.
     0 | D:1      | Reached XP level 1. HP: 9/9 MP: 4/4
    55 | D:1      | Reached skill level 1 in Short Blades
    66 | D:1      | Reached XP level 2. HP: 13/13 MP: 6/6
   296 | D:1      | Reached skill level 4 in Stealth
   536 | D:1      | Reached XP level 3. HP: 16/16 MP: 7/7
  1257 | D:2      | Found a radiant altar of Vehumet.
  1360 | D:2      | Found a blossoming altar of Fedhas.
  1444 | D:2      | Found a stormy altar of Qazlal.
  1444 | D:2      | Found a faded altar of an unknown god.
  1449 | D:2      | Found a glowing golden altar of the Shining One.
  1451 | D:2      | Found a hide-covered altar of Uskayaw.
  1452 | D:2      | Found an opulent altar of Gozag.
  1467 | D:2      | Became a worshipper of Gozag Ym Sagoz the Greedy
  1582 | D:2      | Found a shimmering altar of Xom.
  1583 | D:2      | Found a shimmering altar of Xom.
  1583 | D:2      | Found a shimmering altar of Xom.
  1584 | D:2      | Found a shimmering altar of Xom.
  1615 | D:2      | Slain by an adder

Illustrated notes

Levels and vault maps discovered:
D:1:      dpeg_arrival_arbitrary_a, layout_loops_corners
D:2:      layout_basic, fiery_altar_vehumet, xom_redecorated, fedhas_altar_1,
          chequers_temple_overflow_minitemple, chequers_serial_rivers_micro_a

Skill      XL: |  1  2 |
---------------+-------+-----
Short Blades   | 1 |  1.5
Stealth        | 4 |  4.2
Dodging        | |  1.5
Spellcasting   | |  2.7
Hexes          | |  3.3

Action                   || total
-------------------------++-------
Melee: Dagger            ||    82
       Bite              ||    14
 Stab: Sleeping          ||     8
Armor: Robe              ||    13
Dodge: Dodged            ||    47

Table legend: (Time is in decaauts)
 A = Elapsed time spent in this place.
 B = Non-inter-level travel time spent in this place.
 C = Inter-level travel time spent in this place.
 D = Time resting spent in this place.
 E = Time spent auto-exploring this place.
 F = Levels seen in this place.
 G = Mean time per level.
                   A        B        C        D        E       F      G
               +--------+--------+--------+--------+--------+-----+--------+
         Total |   1608 |   1530 |     78 |      0 |   1334 |   2 |  804.0 |
       Dungeon |   1608 |   1530 |     78 |      0 |   1334 |   2 |  804.0 |
               +--------+--------+--------+--------+--------+-----+--------+

Top non-repeatable levels by time:
     D:1: 1223 daAuts
     D:2: 385 daAuts
